 Dungeon Crawl Stone Soup version 0.13.0-17-g5f0e85f (webtiles) character file.

8084 Lilouch the Basher (level 11, 0/61 HPs)
             Began as a Gargoyle Fighter on Oct 21, 2013.
             Was a High Priest of Okawaru.
             Slain by a minotaur (18 damage)
             ... in a labyrinth.
             The game lasted 00:55:09 (9202 turns).

Lilouch the Basher (Gargoyle Fighter)               Turns: 9202, Time: 00:55:09

HP   0/61        AC 23     Str 22      XL: 11   Next: 16%
MP   9/18        EV 14     Int 10      God: Okawaru [*****.]
Gold 570         SH 28     Dex 12      Spells:  0 memorised, 10 levels left

Res.Fire  : . . .   See Invis. : .   P - +0,+1 whip (flame)
Res.Cold  : . . .   Warding    : .   g - +4 steam dragon armour of Good Intentions {+Rage}
Life Prot.: + . .   Conserve   : .   c - +0 shield
Res.Poison: +       Res.Corr.  : .   (no helmet)
Res.Elec. : +       Clarity    : .   (no cloak)
Sust.Abil.: . .     Spirit.Shd : .   h - +0 pair of gloves
Res.Mut.  : .       Stasis     : .   (no boots)
Res.Rott. : +       Flight     : .   (no amulet)
Saprovore : . . .                    R - +2 ring of protection
                                     y - +3 ring of dexterity

@: heroism, finesse, somewhat resistant to hostile enchantments, stealthy
A: fangs 1, talons 2, life protection 1, electricity resistance, slow metabolism
1, unbreathing, petrification resistance, AC +7
a: Heroism, Finesse, Renounce Religion, Evoke Berserk Rage


You were in a labyrinth.
You worshipped Okawaru.
Okawaru was extremely pleased with you.
You were not hungry.

You visited 3 branches of the dungeon, and saw 12 of its levels.
You also visited: Labyrinth.

You collected 656 gold pieces.
You spent 106 gold pieces at shops.

Inventory:

Hand weapons
 P - a +0,+1 whip of flaming (weapon)
 Z - a +4 blowgun
Missiles
 Q - 16 darts of flame (quivered)
 W - 77 poisoned needles
Armour
 c - a +0 shield (worn)
 g - the +4 steam dragon armour of Good Intentions (worn) {+Rage}
   (Okawaru gifted it to you on level 1 of the Lair of Beasts)

   It lets you go berserk.
 h - a +0 pair of gloves (worn)
 u - a +2 cloak of preservation
 E - a +0 orcish plate armour
Magical devices
 s - a wand of polymorph (2)
Comestibles
 b - a meat ration
 d - 5 bread rations
Scrolls
 a - a scroll of amnesia
 e - a scroll of enchant weapon III {unknown}
 j - a scroll of recharging {unknown}
 r - 4 scrolls of teleportation
 U - 2 scrolls of fog
Jewellery
 f - an uncursed ring of poison resistance {unknown}
 y - a +3 ring of dexterity (left hand)
 R - a +2 ring of protection (right hand)
Potions
 x - 8 potions of curing
 C - a potion of speed
 G - 2 potions of heal wounds
Miscellaneous
 i - a plain deck of changes


   Skills:
 - Level 3.2(8.2) Fighting
 - Level 10.8(15.8) Maces & Flails
 + Level 9.7(14.7) Armour
 + Level 10.0(15.0) Shields
 + Level 5.2 Invocations
 + Level 4.4 Evocations


You had 10 spell levels left.
You didn't know any spells.

Dungeon Overview and Level Annotations

Branches:
Dungeon (10/27)            Temple (1/1) D:5             Orc (0/4) D:6
   Lair (1/8) D:9

Altars:
Ashenzari
Cheibriados
Elyvilon
Makhleb
Okawaru
Sif Muna
Trog
Yredelemnul
the Shining One
Jiyva

Shops:
D:7 *


Innate Abilities, Weirdness & Mutations

You are resistant to torment.
You are immune to poison.
Your stone body is very resilient (AC +7).
You have very sharp teeth.
You have razor-sharp toenails.
You resist negative energy.
You are resistant to electric shocks.
You have a slow metabolism.
You can survive without breathing.
You are immune to petrification.


Message History

You fail to use your ability.
The minotaur barely misses you. The minotaur gores you.
Use which ability? (? or * to list)
You fail to use your ability.
The minotaur hits you!
* * * LOW HITPOINT WARNING * * *
You block the minotaur's attack.
Use which ability? (? or * to list)
You gain the combat prowess of a mighty hero.
You feel slightly more hungry.
The minotaur hits you but does no damage.
You block the minotaur's attack.
Use which ability? (? or * to list) Use which ability? (? or * to list)
You feel more confident with your borrowed prowess.
You feel slightly more hungry. The minotaur closely misses you.
You block the minotaur's attack.
Use which ability? (? or * to list)
You can now deal lightning-fast blows.
You feel somewhat more hungry. The minotaur hits you!
You die...

#####
#...
###.#
#.H.#
#<#@#
#.#.#
###.#
#...#
#.###
...#
###.# #
.....#
##
#.#####


You could see a minotaur.

Vanquished Creatures
  Pikel (D:6)
  An elephant (D:9)
  A komodo dragon (Lair:1)
  A shadow (D:9)
  A hungry ghost (D:10)
  6 yaks
  A hippogriff (Lair:1)
  Edmund (D:8)
  A manticore (D:8)
  A porcupine (Lair:1)
  2 ice beasts
  4 orc warriors
  A human (D:7)
  2 sky beasts (D:6)
  3 slaves (D:6)
  3 centaurs
  An ogre (D:7)
  11 big kobolds
  A crocodile (D:9)
  A phantom (D:4)
  4 giant frogs
  A giant slug (Lair:1)
  Blork the orc (D:6)
  An agate snail (D:9)
  A water moccasin (Lair:1)
  9 killer bees (D:7)
  8 crimson imps
  5 wights
  A goliath beetle (D:7)
  4 orc priests
  2 hounds
  4 jellies
  Crazy Yiuf (D:3)
  2 scorpions (D:8)
  A centaur skeleton (D:7)
  4 orc wizards
  4 iguanas
  4 worker ants
  5 sheep
  A big kobold skeleton (D:7)
  An ogre skeleton (D:6)
  A hound skeleton (D:4)
  Terence (D:3)
  A worker ant zombie (D:5)
  7 green rats (Lair:1)
  A giant mite (D:8)
  9 adders
  2 inept feature mimics
  A goliath beetle zombie (D:5)
  9 worms
  An adder zombie (D:6)
  An iguana zombie (D:6)
  A giant eyeball (D:7)
  5 giant geckos
  6 oozes
  20 orcs
  2 ball pythons
  13 bats
  13 hobgoblins
  31 kobolds
  5 quokkas
  6 giant cockroaches
  4 giant newts
  A giant spore (D:6)
  13 goblins
  16 rats
  4 ballistomycetes (D:6)
282 creatures vanquished.

Vanquished Creatures (others)
  A toadstool (D:3)
1 creature vanquished.

Grand Total: 283 creatures vanquished

Notes
Turn   | Place    | Note
--------------------------------------------------------------
     0 | D:1      | Lilouch, the Gargoyle Fighter, began the quest for the Orb.
     0 | D:1      | Reached XP level 1. HP: 14/14 MP: 0/0
   169 | D:1      | Reached XP level 2. HP: 13/19 MP: 1/1
   452 | D:1      | Reached XP level 3. HP: 24/24 MP: 2/2
   715 | D:2      | Found a snail-covered altar of Cheibriados.
   724 | D:2      | Found a deep blue altar of Sif Muna.
   733 | D:2      | Reached skill level 4 in Armour
   849 | D:2      | Reached XP level 4. HP: 28/28 MP: 3/3
   915 | D:2      | Found a shattered altar of Ashenzari.
  1058 | D:3      | Found a glowing golden altar of the Shining One.
  1132 | D:3      | Noticed Crazy Yiuf
  1173 | D:3      | Killed Crazy Yiuf
  1173 | D:3      | Reached XP level 5. HP: 8/33 MP: 4/4
  1234 | D:3      | Identified a +2 cloak of preservation (You took it off Crazy Yiuf on level 3 of the Dungeon)
  1703 | D:3      | Noticed Terence
  1718 | D:3      | Killed Terence
  1749 | D:3      | Reached XP level 6. HP: 34/38 MP: 5/5
  1754 | D:3      | Found a viscous altar of Jiyva.
  1896 | D:4      | Reached skill level 5 in Maces & Flails
  2107 | D:4      | Reached skill level 5 in Shields
  2160 | D:4      | Reached skill level 5 in Armour
  2160 | D:4      | Reached XP level 7. HP: 32/42 MP: 6/6
  2270 | D:4      | Found a bloodstained altar of Trog.
  2366 | D:5      | Entered Level 5 of the Dungeon
  2436 | D:5      | Found a staircase to the Ecumenical Temple.
  2447 | Temple   | Entered the Ecumenical Temple
  2453 | Temple   | Became a worshipper of Warmaster Okawaru
  2571 | D:5      | Reached skill level 6 in Maces & Flails
  2650 | D:5      | Identified the Collected Works on Curses and Transmutation
  2975 | D:6      | Noticed Blork the orc
  2986 | D:6      | Killed Blork the orc
  3082 | D:6      | Reached skill level 7 in Maces & Flails
  3082 | D:6      | Reached XP level 8. HP: 28/48 MP: 7/7
  3152 | D:6      | Acquired Okawaru's first power
  3837 | D:6      | Noticed Pikel
  3851 | D:6      | Killed Pikel
  3851 | D:6      | Reached skill level 8 in Maces & Flails
  3851 | D:6      | Reached XP level 9. HP: 49/52 MP: 8/8
  3972 | D:6      | Reached skill level 9 in Maces & Flails
  4002 | D:6      | Found a staircase to the Orcish Mines.
  4757 | D:7      | Reached skill level 10 in Maces & Flails
  4877 | D:7      | Reached XP level 10. HP: 35/57 MP: 9/9
  5029 | D:7      | Found Zogurein's Assorted Antiques.
  5047 | D:7      | Bought a scroll of identify for 56 gold pieces
  5047 | D:7      | Bought 2 lumpy white potions for 50 gold pieces
  5170 | D:7      | Reached skill level 1 in Invocations
  5183 | D:7      | Reached skill level 1 in Evocations
  5433 | D:7      | Paralysed by a giant eyeball for 2 turns
  6076 | D:8      | Noticed Edmund
  6116 | D:8      | Killed Edmund
  6689 | D:10     | Entered Level 10 of the Dungeon
  7016 | D:10     | Acquired Okawaru's second power
  7069 | D:9      | Found a white marble altar of Elyvilon.
  7388 | D:9      | Found a burning altar of Makhleb.
  7388 | D:9      | Noticed an Executioner
  7425 | D:9      | Found a staircase to the Lair.
  7425 | D:9      | Noticed an elephant
  7465 | D:9      | Killed an elephant
  7478 | D:9      | Reached XP level 11. HP: 54/61 MP: 16/18
  7619 | D:9      | Reached skill level 5 in Invocations
  7738 | Lair:1   | Entered Level 1 of the Lair of Beasts
  7889 | Lair:1   | Received a gift from Okawaru
  7892 | Lair:1   | Got a dazzling steam dragon armour {god gift}
  7909 | Lair:1   | Identified the +4 steam dragon armour of Good Intentions {+Rage} (Okawaru gifted it to you on level 1 of the Lair of Beasts)
  7949 | Lair:1   | Reached skill level 10 in Shields
  8139 | Lair:1   | Found a labyrinth entrance.
  8170 | Lab      | Entered a labyrinth
  9194 | Lab      | Noticed a minotaur
  9202 | Lab      | Slain by a minotaur

Action                   |  1- 3 |  4- 6 |  7- 9 | 10-12 || total
-------------------------+-------+-------+-------+-------++-------
Melee: Mace              |    86 |    39 |       |       ||   125
       Unarmed           |       |     6 |       |       ||     6
       Hammer            |       |   137 |   155 |       ||   292
       Scimitar          |       |       |   322 |    12 ||   334
       Whip              |       |       |       |   669 ||   669
Throw: Dart              |       |       |     1 |       ||     1
Invok: Heroism           |       |       |     1 |     2 ||     3
       Finesse           |       |       |       |     1 ||     1
Evoke: Wand              |       |       |       |     6 ||     6
  Use: Scroll            |       |       |       |    19 ||    19
